 Dungeon Crawl Stone Soup version 0.19-a0-376-gf780d9b (webtiles) character file.

121 Skanax the Grave Robber (level 5, 0/38 HPs)
             Began as a Ghoul Necromancer on May 30, 2016.
             Was an Initiate of Hepliaklqana.
             Slain by an ogre
             ... wielding a +0 giant club
              (15 damage)
             ... on level 4 of the Dungeon.
             The game lasted 00:37:02 (2875 turns).

Skanax the Grave Robber (Ghoul Necromancer)         Turns: 2875, Time: 00:37:03

Health: 0/38       AC:  3    Str: 12    XL:     5   Next: 5%
Magic:  1/8        EV: 12    Int: 11    God:    Hepliaklqana [......]
Gold:   182        SH:  0    Dex:  9    Spells: 3 memorised, 5 levels left

rFire  . . .     SeeInvis .     e - +0 hand axe
rCold  + . .     Gourm    .     D - +0 robe
rNeg   + + +     Faith    .     (no shield)
rPois  ∞         Spirit   .     h - +0 hat
rElec  .         Dismiss  .     (no cloak)
rCorr  .         Reflect  .     f - +0 pair of gloves
SustAt .         Harm     .     (no boots)
MR     .....                    t - amulet of rage
Stlth  ++........               (no ring)
                                (no ring)

@: rotting, not resistant to hostile enchantments, unstealthy
A: rotting body, claws 1, carnivore 3, cold resistance 1, negative energy
resistance 3, slow regeneration 1, torment resistance, unbreathing
a: Recall Ancestor, Ancestor Identity, Renounce Religion


You were on level 4 of the Dungeon.
You worshipped Hepliaklqana.
Hepliaklqana was noncommittal.
You were not hungry.

You visited 1 branch of the dungeon, and saw 4 of its levels.

You collected 182 gold pieces.

Inventory:

Hand Weapons
 e - a +0 hand axe (weapon)
 p - a +0 club
 A - a +0 hunting sling
Missiles
 l - 61 stones
 m - 16 poisoned needles (quivered)
 n - 11 sling bullets
 B - 34 arrows
Armour
 a - a +0 robe
 f - a +0 pair of gloves (worn)
 h - a +0 hat (worn)
 k - a +0 buckler
 C - a +1 leather armour of positive energy
 D - a +0 robe (worn)
Jewellery
 t - an amulet of rage (around neck)
Scrolls
 g - a scroll of immolation
 i - 3 scrolls of remove curse
 q - a scroll of enchant armour {unknown}
 y - a scroll of enchant weapon
Potions
 j - 2 potions of resistance {unknown}
 o - 2 potions of cure mutation {unknown}
 u - a potion of cancellation {unknown}
 v - 2 potions of curing
 w - a potion of mutation {unknown}
 x - a potion of degeneration {unknown}
 E - a potion of flight {unknown}
Books
 b - a book of Necromancy

   Spells                             Type                      Level
   a - Pain                           Necromancy                   1
   b - Animate Skeleton               Necromancy                   1
   c - Vampiric Draining              Necromancy                   3
   d - Regeneration                   Charms/Necromancy            3
   e - Animate Dead                   Necromancy                   4
   f - Control Undead                 Necromancy                   4
Comestibles
 c - 2 meat rations
 d - 7 chunks of flesh
 r - a slice of pizza
 s - a beef jerky
 z - 2 bread rations


   Skills:
 + Level 2.2 Dodging
 + Level 2.2 Stealth
 + Level 3.2 Spellcasting
 + Level 4.8 Necromancy


You had 5 spell levels left.
You knew the following spells:

 Your Spells              Type           Power        Failure   Level  Hunger
a - Pain                  Necr           ##..         3%          1    #......
b - Animate Skeleton      Necr           N/A          3%          1    #......
c - Vampiric Draining     Necr           ##........   12%         3    ###....


Dungeon Overview and Level Annotations

Branches:
Dungeon (4/15)
 Temple: D:4-7

Altars:
Hepliaklqana
Okawaru


Innate Abilities, Weirdness & Mutations

Your body is rotting away.
You thrive on raw meat.
You are immune to poison.
You have sharp fingernails.
You are carnivorous and can eat meat at any time.
Your flesh is cold resistant. (rC+)
You are immune to negative energy. (rN+++)
You regenerate slowly when monsters are visible.
You are immune to unholy pain and torment.
You can survive without breathing.


Message History

The ogre struggles to resist.
Casting: Pain
Confirm with . or Enter, or press ? or * to list all spells.
Aiming: Pain
Press: ? - help, Shift-Dir - straight line, f/p - ogre
Aim: an ogre, wielding a giant club (heavily wounded, chance to defeat MR: 68%)
The ogre struggles to resist.
The ogre hits you with a giant club!
Casting: Pain
Confirm with . or Enter, or press ? or * to list all spells.
Aiming: Pain
Press: ? - help, Shift-Dir - straight line, f/p - ogre
Aim: an ogre, wielding a giant club (heavily wounded, chance to defeat MR: 68%)
The ogre convulses in agony!
The ogre barely misses you.
Tossing away (i - inventory. (,) - cycle):
m - 17 poisoned needles (quivered)
Press: ? - help, Shift-Dir - straight line, f/p - ogre
Aim: an ogre, wielding a giant club (heavily wounded)
You toss away a poisoned needle.
The poisoned needle hits the ogre.
The ogre is heavily wounded.
The ogre hits you with a giant club!
You die...

#........#######.###.#
..#..........# ...#
#..
............##.....#
### #.........##.....#
#####.###.##.....# #.#
#........# #.#
########## #.#
############## #@#
#............. #O#
#.#..........# #.#
#.#..........#
#.###.#..........#
#.#..............#
#.#..............#
#.#..............#
#.#..............#
#.#.....##########


You could see an ogre.

Vanquished Creatures
  Ijyb (D:2)
  A gnoll (D:4)
  An adder (D:3)
  An ooze (D:3)
  A worm (D:2)
  2 giant geckos
  4 orcs (D:3)
  3 giant cockroaches
  4 goblins
  7 hobgoblins
  4 jackals
  3 kobolds
  7 bats
  A giant newt (D:3)
  7 rats
47 creatures vanquished.

Vanquished Creatures (collateral kills)
  2 gnolls (D:4)
  2 jackals (D:4)
  A kobold (D:1)
5 creatures vanquished.

Vanquished Creatures (others)
  An ancestor (D:4)
1 creature vanquished.

Grand Total: 53 creatures vanquished

Notes
Turn   | Place    | Note
--------------------------------------------------------------
     0 | D:1      | Skanax the Ghoul Necromancer began the quest for the Orb.
     0 | D:1      | Reached XP level 1. HP: 14/14 MP: 2/2
    66 | D:1      | Learned a level 1 spell: Animate Skeleton
   281 | D:1      | Reached XP level 2. HP: 20/20 MP: 0/3
   776 | D:1      | Reached XP level 3. HP: 26/26 MP: 3/5
   781 | D:1      | Learned a level 3 spell: Vampiric Draining
  1209 | D:2      | Noticed Ijyb
  1224 | D:2      | Killed Ijyb
  1293 | D:2      | Reached XP level 4. HP: 30/33 MP: 3/6
  2607 | D:4      | Found a hazy altar of Hepliaklqana.
  2609 | D:4      | Found an iron altar of Okawaru.
  2616 | D:4      | Became a worshipper of Hepliaklqana
  2742 | D:4      | Reached XP level 5. HP: 23/38 MP: 0/8
  2854 | D:4      | Noticed an ogre
  2875 | D:4      | Slain by an ogre

Vault maps used:
D:1:      lemuel_arrival_broad_hall
D:2:      kennysheep_generic_room_10, uniq_iyjb
D:4:      black_bear_nest_1, minitemple, first_bread, nicolae_elemental_shop

Skill      XL: |  1  2  3  4 |
---------------+-------------+-----
Dodging        | 2 |  2.2
Spellcasting   | 2 3 |  3.2
Stealth        | |  2.2
Necromancy     | |  4.8

Action                   |  1- 3 |  4- 6 || total
-------------------------+-------+-------++-------
Melee: Hand axe          |    32 |    15 ||    47
 Cast: Pain              |    41 |    58 ||    99
       Animate Skeleton  |     3 |     4 ||     7
  Use: Scroll            |     4 |     3 ||     7
       Potion            |       |     3 ||     3
  Eat: Chunk             |     6 |     6 ||    12
Armor: Robe              |    11 |     6 ||    17
Dodge: Dodged            |    31 |    30 ||    61
